 Dungeon Crawl Stone Soup version 0.28-a0-863-g8cecda6153 (webtiles) character file.

Game seed: 8483487911461603441

4589 Htamos the Thaumaturge (level 10, -18/56 HPs)
             Began as a Deep Elf Conjurer on Nov 19, 2021.
             Was a Follower of Vehumet.
             Demolished by a komodo dragon (26 damage)
             ... on level 7 of the Dungeon on Nov 20, 2021.
             The game lasted 00:24:35 (9582 turns).

Htamos the Thaumaturge (Deep Elf Conjurer)          Turns: 9582, Time: 00:24:35

Health: -18/56     AC:  6    Str: 11    XL:     10   Next: 18%
Magic:  3/26       EV: 13    Int: 32    God:    Vehumet [*.....]
Gold:   334        SH:  7    Dex: 13    Spells: 24/29 levels left

rFire   . . .      SeeInvis .   g - +2 dagger (venom)
rCold   . . .      Faith    .   C - +0 kite shield
rNeg    . . .      Spirit   .   u - +0 steam dragon scales
rPois   .          Reflect  .   y - +1 hat
rElec   .          Harm     .   (no cloak)
rCorr   .          Rampage  .   (no gloves)
Will    +....                   (no boots)
Stlth   ++........              p - amulet of magic regeneration
HPRegen 0.18/turn               h - +6 ring of intelligence
MPRegen 0.45/turn               o - +6 ring of strength

@: no status effects
A: no striking features
a: Renounce Religion


You were on level 7 of the Dungeon.
You worshipped Vehumet.
Vehumet was aware of your devotion.
You visited 2 branches of the dungeon, and saw 8 of its levels.

You collected 479 gold pieces.
You spent 145 gold pieces at shops.

Inventory:

Hand Weapons
 f - a +0 mace
 g - a +2 dagger of venom (weapon)
 D - a +2 dire flail of holy wrath
 E - a +0 flail
Missiles
 c - 3 throwing nets
Armour
 a - a +0 robe
 b - the +1 robe "Zumuc" {rPois Regen+ MP-9 Stlth+}
   (You took it off a hobgoblin on level 4 of the Dungeon)

   rPois:     It protects you from poison.
   MP:        It affects your magic capacity (-9).
   Regen:     It increases your rate of health regeneration.
   Stlth:     It makes you more stealthy.
 u - +0 steam dragon scales (worn)
 y - a +1 hat (worn)
 B - a +0 chain mail
 C - a +0 kite shield (worn)
 G - a +0 plate armour
Jewellery
 h - a +6 ring of intelligence (left hand)
 m - an amulet of guardian spirit
 o - a +6 ring of strength (right hand)
 p - an amulet of magic regeneration (around neck)
 H - a ring of poison resistance
Wands
 d - a wand of digging (9)
 i - a wand of flame (7)
 q - a wand of polymorph (3)
 J - a wand of paralysis (5)
Scrolls
 e - 3 scrolls of fear {unknown}
 k - a scroll of summoning {unknown}
 l - 2 scrolls of teleportation
 n - a scroll of magic mapping
 s - a scroll of identify {@rr}
 t - 4 scrolls of amnesia {unknown}
Potions
 j - a potion of curing {@qc}
 r - a potion of berserk rage {unknown}
 v - a potion of invisibility {unknown}
 w - a potion of heal wounds
 x - a potion of ambrosia
 z - a potion of magic {unknown}
 A - a potion of degeneration {unknown}
 F - a potion of cancellation {unknown}
 I - a potion of brilliance


   Skills:
 + Level 4.1 Fighting
 + Level 9.1 Dodging
 - Level 2.4 Stealth
 + Level 1.3 Shields
 * Level 10.2 Spellcasting
 * Level 9.2 Conjurations
 * Level 5.7 Translocations


You had 24 spell levels left.
You knew the following spells:

 Your Spells              Type           Power      Damage    Failure   Level
a - Magic Dart            Conj           100%       1d8       1%          1
b - Iskenderun's Mystic   Conj/Tloc      59%        2d12      8%          4

Your spell library contained the following spells:

 Spells                   Type           Power      Damage    Failure   Level
 Shock                    Conj/Air       100%       1d9       2%          1
 Searing Ray              Conj           100%       2d8       1%          2
 Static Discharge         Conj/Air       46%        N/A       3%          2
 Dazzling Flash           Conj/Hex       92%        N/A       8%          3
 Portal Projectile        Hex/Tloc       68%        N/A       16%         3
 Passwall                 Tmut/Erth      13%        N/A       26%         2
 Fulminant Prism          Conj/Hex       23%        3d13      26%         4
 Call Canine Familiar     Summ           16%        N/A       45%         3
 Swiftness                Air            16%        N/A       45%         3
 Lightning Bolt           Conj/Air       23%        1d38      56%         5
 Leda's Liquefaction      Hex/Erth       8%         N/A       86%         4
 Borgnjor's Revivificati  Necr           8%         N/A       100%        8
 Maxwell's Capacitive Co  Air            8%         ∞         100%        8
 Necromutation            Tmut/Necr      8%         N/A       100%        8
 Death's Door             Necr           8%         N/A       100%        9


Dungeon Overview and Level Annotations

Branches:
Dungeon (7/15)             Temple (1/1) D:6

Altars:
Ashenzari
Dithmenos
Elyvilon
Fedhas
Gozag
Hepliaklqana
Kikubaaqudgha
Makhleb
Nemelex Xobeh
Okawaru
Qazlal
Ru
Sif Muna
Trog
Vehumet
Wu Jian
Xom
Yredelemnul
Zin
The Shining One

Shops:
D:3 *

Annotations:
D:4 Dowan, Duvessa


Message History

The komodo dragon is severely wounded.
The komodo dragon is knocked back by the mystic blast.
The komodo dragon slams into the stone wall!
A wraith comes into view.
The komodo dragon bites you but does no damage.
An orc warrior comes into view.
It is wielding a +0 glaive and wearing the ring "Geolocoid" {rPois rF+ rCorr}.
Unknown command.
Casting: Iskenderun's Mystic Blast (dangerous; 9% risk of failure)
Confirm with . or Enter, or press ? or * to list all spells.
You erupt in a blast of force!
The mystic blast hits the basilisk!
The basilisk is almost dead.
The basilisk is knocked back by the mystic blast.
The basilisk slams into the stone wall!
You kill the basilisk!
Vehumet accepts your kill.
The mystic blast hits the komodo dragon.
The komodo dragon is almost dead.
The komodo dragon is knocked back by the mystic blast.
The komodo dragon slams into the stone wall!
* * * LOW MAGIC WARNING * * *
The komodo dragon barely misses you.
The howler monkey hoots and howls with incredible vigour!
You block the komodo dragon's attack.
Casting: Iskenderun's Mystic Blast (dangerous; 8% risk of failure)
Confirm with . or Enter, or press ? or * to list all spells.
You erupt in a blast of force!
The mystic blast hits the howler monkey!
The howler monkey is almost dead.
The howler monkey is knocked back by the mystic blast.
The howler monkey slams into the stone wall!
You kill the howler monkey!
Vehumet accepts your kill.
You feel your power returning.
The mystic blast hits the komodo dragon.
The komodo dragon is almost dead.
* * * LOW MAGIC WARNING * * *
The komodo dragon bites you!
* * * LOW HITPOINT WARNING * * *
The orc warrior barely misses you. The komodo dragon bites you!!
You die...

#.....####.#.#.#..####.#.##..####
#...###.#.#.#.##.#..####..#..#
#...#..#.#.#[#.#..#...####..##
....###.#.#.#.##.#...#..###)#
#...# ####.#.#.#..#...#.....#####
....# ##.#.##.#...#..###......
..>.# ####.#..#...###...#####
>...# ##..#..###.....### ....#
##@.###.........# .#..#
#..Wol###.........#.# ....#
#.#####.........###.# ##..#
###(...#.###...# #.# #..#
###.....##.# ###.# #.# #..#
###..........# #.# #.#
#..####...########.# #.###.#
#.......### #.#####.....#
#......## #..^....#####


You could see a komodo dragon, a wraith and an orc warrior.

Vanquished Creatures
  A shadow (D:7)
  A wraith (D:5)
  2 steam dragons
  A basilisk (D:7)
  Menkaure (D:5)
  Edmund (D:6)
  A water moccasin (D:6)
  3 ice beasts
  2 orc warriors (D:7)
  2 black bears
  2 centaurs (D:7)
  7 ogres
  2 lemures (D:5)
  2 phantoms
  2 bullfrogs (D:7)
  A gnoll sergeant (D:5)
  4 scorpions
  2 wyvern skeletons
  2 water moccasin skeletons
  5 killer bees (D:7)
  2 howler monkeys
  An electric eel (D:7)
  2 bullfrog zombies (D:7)
  5 hounds
  2 jellies
  An orc priest (D:4)
  3 iguanas
  A bullfrog skeleton (D:6)
  2 gnoll shamans
  Ijyb (D:4)
  An orc wizard (D:5)
  A hound skeleton (D:5)
  Robin (D:4)
  29 gnolls
  5 adders
  A shadow imp (D:7)
  An adder skeleton (D:5)
  2 worms
  2 dart slugs
  36 orcs
  5 endoplasms
  2 giant cockroaches
  11 goblins
  14 hobgoblins
  16 jackals
  3 quokkas
  3 ball pythons
  6 bats (D:1)
  5 frilled lizards
  8 kobolds
  6 rats
222 creatures vanquished.

Vanquished Creatures (others)
  A plant (D:5)
1 creature vanquished.

Grand Total: 223 creatures vanquished

Notes
Turn   | Place    | Note
-------+----------+-------------------------------------------
     0 | D:1      | Htamos the Deep Elf Conjurer began the quest for the Orb.
     0 | D:1      | Reached XP level 1. HP: 10/10 MP: 6/6
    88 | D:1      | Reached XP level 2. HP: 15/15 MP: 1/8
   401 | D:1      | Found a faded altar of an unknown god.
   583 | D:1      | Reached XP level 3. HP: 20/20 MP: 7/10
  2037 | D:3      | Reached skill level 4 in Spellcasting
  2040 | D:3      | Reached XP level 4. HP: 24/24 MP: 6/12
  2111 | D:3      | Noticed an ogre
  2282 | D:2      | Learned a level 4 spell: Iskenderun's Mystic Blast
  2475 | D:3      | Killed an ogre
  2476 | D:3      | Reached skill level 1 in Fighting
  2476 | D:3      | Reached skill level 5 in Conjurations
  2476 | D:3      | Reached XP level 5. HP: 10/29 MP: 5/13
  2481 | D:3      | Found Onulaoc's Assorted Antiques.
  2563 | D:3      | Reached skill level 1 in Translocations
  3000 | D:4      | Reached skill level 5 in Spellcasting
  3250 | D:4      | Noticed Ijyb
  3261 | D:4      | Killed Ijyb
  3262 | D:4      | Reached XP level 6. HP: 14/34 MP: 10/15
  3869 | D:4      | Reached skill level 5 in Dodging
  3923 | D:3      | Bought a gilded ring for 145 gold pieces
  4081 | D:4      | Reached XP level 7. HP: 39/39 MP: 2/17
  4149 | D:4      | Found a white marble altar of Elyvilon.
  4149 | D:4      | Found a glowing silver altar of Zin.
  4149 | D:4      | Found a bloodstained altar of Trog.
  4153 | D:4      | Found an ornate altar of the Wu Jian Council.
  4154 | D:4      | Found a burning altar of Makhleb.
  4156 | D:4      | Found a sparkling altar of Nemelex Xobeh.
  4163 | D:4      | Reached skill level 6 in Spellcasting
  4189 | D:4      | Found a hazy altar of Hepliaklqana.
  4193 | D:4      | Noticed Duvessa
  4260 | D:4      | Noticed Dowan
  4449 | D:4      | Noticed Robin
  4454 | D:4      | Killed Robin
  4467 | D:4      | Identified the +1 robe "Zumuc" {rPois Regen+ MP-9 Stlth+}
  4619 | D:4      | Found a glowing golden altar of the Shining One.
  4619 | D:4      | Found a sacrificial altar of Ru.
  4619 | D:4      | Found a stormy altar of Qazlal.
  4880 | D:5      | Entered Level 5 of the Dungeon
  5278 | D:5      | Reached XP level 8. HP: 45/45 MP: 15/20
  5577 | D:5      | Reached skill level 7 in Spellcasting
  6451 | D:5      | Reached skill level 8 in Spellcasting
  6518 | D:5      | Noticed Menkaure
  6528 | D:5      | Killed Menkaure
  6848 | D:6      | Noticed Edmund
  6858 | D:6      | Killed Edmund
  6859 | D:6      | Reached XP level 9. HP: 50/50 MP: 10/23
  7141 | D:6      | Reached skill level 9 in Spellcasting
  7239 | D:6      | Found a basalt altar of Yredelemnul.
  7489 | D:6      | Found a staircase to the Ecumenical Temple.
  7536 | Temple   | Entered the Ecumenical Temple
  7614 | Temple   | Became a worshipper of Vehumet
  8846 | D:7      | Reached skill level 5 in Translocations
  9149 | D:7      | Reached skill level 1 in Shields
  9263 | D:7      | Reached * piety under Vehumet
  9263 | D:7      | Offered knowledge of Shock by Vehumet.
  9264 | D:7      | Reached XP level 10. HP: 46/56 MP: 15/25
  9384 | D:7      | Reached skill level 10 in Spellcasting
  9578 | D:7      | Identified the ring "Geolocoid" {rPois rF+ rCorr}
  9582 | D:7      | Demolished by a komodo dragon

Illustrated notes

Levels and vault maps discovered:
D:1:      dpeg_arrival_court, layout_basic,
          shapermc_ecumenical_altar_starsandcircs, serial_glass,
          glass_columns_a, glass_columns_a
D:2:      layout_basic
D:3:      layout_basic, serial_shops, nicolae_shop_behind_doors
D:4:      layout_rooms, nicolae_overflow_hallway_of_the_gods, uniq_ijyb,
          uniq_robin, uniq_duvessa
D:5:      lemuel_castle_with_subvaults [lemuel_castle_interior_original],
          layout_rooms, uniq_menkaure, uniq_pikel
D:6:      layout_basic, lemuel_doored_altar, minmay_temple_entry_gardened_gates,
          uniq_edmund
D:7:      minmay_the_grid_triangle_9x9_rhombus_thin
          [minmay_the_grid_triangle_9x9_checkered,
          minmay_the_grid_triangle_9x9_prize_special,
          minmay_the_grid_triangle_9x9_skeleton,
          minmay_the_grid_triangle_9x9_zippers_horizontal], layout_loops_ring,
          nicolae_water_bricks, kennysheep_doodads
Temple:   nicolae_temple_figure_zero

Skill      XL: |  1  2  3  4  5  6  7  8  9 10 |
---------------+-------------------------------+-----
Dodging        | 3 4 5 6 7 8 9 |  9.1
Spellcasting   | 4 5 6 8 9 10 | 10.2
Fighting       | 1 2 3 4 |  4.1
Conjurations   | 5 6 7 9 |  9.2
Translocations | 1 2 4 5 |  5.7
Shields        | 1 |  1.3
Stealth        | |  2.4

Action                   |  1- 3 |  4- 6 |  7- 9 | 10-12 || total
-------------------------+-------+-------+-------+-------++-------
Melee: Dagger            |       |    30 |     5 |     2 ||    37
 Cast: Magic Dart        |    63 |   106 |   340 |    13 ||   522
       Iskenderun's Myst |       |     3 |    96 |    16 ||   115
Evoke: Wand              |       |       |     4 |       ||     4
  Use: Scroll            |       |    14 |     1 |       ||    15
       Potion            |       |     3 |     2 |       ||     5
 Stab: Sleeping          |       |     1 |     1 |     1 ||     3
Armor: Robe              |     3 |     2 |     2 |       ||     7
       Skin              |       |    19 |       |       ||    19
       Steam dragon scal |       |       |     1 |     2 ||     3
Dodge: Dodged            |     2 |    26 |    42 |     8 ||    78
Block: Kite shield       |       |       |     5 |     3 ||     8

Table legend: (Time is in decaauts)
 A = Elapsed time spent in this place.
 B = Non-inter-level travel time spent in this place.
 C = Inter-level travel time spent in this place.
 D = Time resting spent in this place.
 E = Time spent auto-exploring this place.
 F = Levels seen in this place.
 G = Mean time per level.
                   A        B        C        D        E       F      G
               +--------+--------+--------+--------+--------+-----+--------+
         Total |   9592 |   9150 |    442 |    777 |   6621 |   8 | 1199.0 |
       Dungeon |   9503 |   9071 |    432 |    777 |   6591 |   7 | 1357.6 |
        Temple |     88 |     78 |     10 |      0 |     30 |   1 |   88.0 |
               +--------+--------+--------+--------+--------+-----+--------+

Top non-repeatable levels by time:
     D:5: 1879 daAuts
     D:4: 1782 daAuts
     D:6: 1298 daAuts
     D:7: 1292 daAuts
     D:3: 1182 daAuts
     D:1: 1048 daAuts
     D:2: 1020 daAuts
  Temple: 88 daAuts
